[Event "BL 2024-25"]
[Site "Austria"]
[Date "2024.10.11"]
[Round "3.32"]
[White "Karthik Venkataraman"]
[Black "Papp, Gabor"]
[Result "*"]
[Annotator "RC"]
[ECO "B30"]
[WhiteElo "2581"]
[BlackElo "2508"]
[PlyCount "48"]
[EventDate "2024.08.28"]
[EventType "team-tourn"]
[EventCountry "AUT"]
[SourceTitle "playchess.com"]
[Source "ChessBase"]
[SourceQuality "1"]
[WhiteTeam "Feffernitz"]
[BlackTeam "Ottakring"]
[TimeControl "40/5400+30:1800+30"]

1. e4 c5 2. Nc3 Nc6 3. Nf3 e5 4. Bc4 Be7 5. d3 d6 6. a4 Nf6 7. Bg5 O-O 8. Bxf6 Bxf6 9. Nd5 a6 10. c3 Rb8 11. O-O g6 12. Qd2 Bg4 13. Qe3 Be6 14. Nxf6+ Qxf6 15. Nd2 Bxc4 16. dxc4 Qe6 17. Qd3 f5 18. Qd5 Qxd5 19. cxd5 Ne7 20. f3 Rf7 21. b4 cxb4 22. cxb4 fxe4 23. fxe4 Rf3 24. Rf2 Rxf2 *

[Event "BL 2024-25"]
[Site "Austria"]
[Date "2024.10.11"]
[Round "3.32"]
[White "Karthik Venkataraman"]
[Black "Papp, Gabor"]
[Result "1/2-1/2"]
[Annotator "TA"]
[ECO "B30"]
[WhiteElo "2581"]
[BlackElo "2508"]
[PlyCount "117"]
[EventDate "2024.08.28"]
[EventType "team-tourn"]
[EventCountry "AUT"]
[SourceTitle "playchess.com"]
[Source "ChessBase"]
[SourceQuality "1"]
[WhiteTeam "Feffernitz"]
[BlackTeam "Ottakring"]
[TimeControl "40/5400+30:1800+30"]

1. e4 c5 2. Nc3 Nc6 3. Nf3 e5 4. Bc4 Be7 5. d3 d6 6. a4 Nf6 7. Bg5 O-O 8. Bxf6 Bxf6 9. Nd5 a6 10. c3 Rb8 11. O-O g6 12. Qd2 Bg4 13. Qe3 Be6 14. Nxf6+ Qxf6 15. Nd2 Bxc4 16. dxc4 Qe6 17. Qd3 f5 18. Qd5 Qxd5 19. cxd5 Ne7 20. f3 Rf7 21. b4 cxb4 22. cxb4 fxe4 23. fxe4 Rxf1+ 24. Kxf1 $11 {[%emt 0:00:52][%mdl 4096] Endgame. KRN-KRN} Rc8 {[%emt 0:00:18] Dodges Nc4} 25. Ke2 {[%emt 0:00:04] Threatening Kd3.} Rc3 26. Kd1 Kf7 {[%emt 0:30:42] The position is equal.} 27. Rc1 Rxc1+ 28. Kxc1 {[%emt 0:00:03] KN-KN} Ng8 29. Kd1 Nf6 30. Ke2 b5 31. axb5 axb5 32. Kf3 Ne8 33. Nb3 Kf6 34. Na5 h5 35. Nc6 g5 36. Na7 Nc7 37. Nc8 Ne8 38. Na7 Nc7 39. Nc8 Ne8 40. Kg3 Kf7 41. Kf2 Kf6 42. Ke2 Kf7 43. Kd3 Kf6 44. Kc2 Kf7 45. Kd2 Kf6 46. Kd3 Kf7 47. Na7 Nc7 48. Nc6 Kf6 49. Na5 Ne8 50. Nb3 Kf7 51. Nc1 Kf6 52. Ne2 Kg6 53. Ke3 (53. Nc3 $5 Nc7 $8 54. Nd1 $11) 53... Kf6 54. Ng3 (54. Nc3 $5 Nc7 $8 55. Kd3 $11) 54... Kg6 55. Nf5 Kf6 56. Kf3 Kf7 57. Kg3 Kf6 58. h4 g4 59. Kf2 {[%emt 0:00:12] Weighted Error Value: White=0.04 (flawless) /Black=0.03 (flawless) .  Inaccurate:     	White=2     	Black=1      OK:         	White=17    	Black=25     Best:        	---       	Black=2} 1/2-1/2

[Event "BL 2024-25"]
[Site "Austria"]
[Date "2024.10.11"]
[Round "3.33"]
[White "Peyrer, Konstantin"]
[Black "Ghosh, Diptayan"]
[Result "0-1"]
[Annotator "TA"]
[ECO "E11"]
[WhiteElo "2415"]
[BlackElo "2566"]
[PlyCount "64"]
[EventDate "2024.08.28"]
[EventType "team-tourn"]
[EventCountry "AUT"]
[SourceTitle "playchess.com"]
[Source "ChessBase"]
[SourceQuality "1"]
[WhiteTeam "Ottakring"]
[BlackTeam "Feffernitz"]
[TimeControl "40/5400+30:1800+30"]

1. d4 d5 2. Nf3 Nf6 3. c4 e6 4. g3 Bb4+ 5. Bd2 a5 6. Bg2 O-O 7. Qc2 c5 8. cxd5 cxd4 9. Nxd4 Qb6 {[%emt 0:00:12] White has an edge.} 10. e3 exd5 11. O-O Nc6 12. Nxc6 bxc6 13. Rc1 Rb8 14. Nc3 (14. Qxc6 Qxc6 15. Rxc6 Bxd2 16. Nxd2 Rxb2 $17) 14... h5 15. a3 Be7 16. Na4 Qc7 17. h4 Re8 18. Be1 (18. Qxc6 Qxc6 19. Rxc6 Bd7 $17) (18. Bc3 {keeps more tension.} Ng4 19. Bd4 Bf6 20. Bxd5 Nxe3 21. fxe3 Bxd4 22. exd4 Qxg3+ 23. Bg2) 18... Ba6 19. b3 (19. Qxc6 Qxc6 20. Rxc6 Bb5 21. Rxf6 Bxf6 $19) 19... Bb7 20. Nc5 (20. Bc3 {seems wilder.} Ng4 21. Bf3 Bd6 22. Bd4) 20... Bc8 21. Qd3 Qa7 22. Na4 (22. b4 $11) 22... Ng4 $15 23. Qc3 (23. Rxc6 Ne5 24. Qxd5 Nxc6 25. Qxc6 Rd8 $19) 23... Bf6 24. Qxc6 Rxe3 25. Qc5 (25. Ra2 $1 $15) 25... Qxc5 $17 26. Nxc5 Bxa1 27. Rxa1 Re2 28. Bxd5 $2 {[%emt 0:00:11][%mdl 8192] [#] White does not recover from this.} (28. Bxa5 $17 Bf5 (28... Rxf2 29. Bc7 $17) (28... Nxf2 $2 29. Re1 $19) 29. Bxd5) 28... Re5 $1 $19 {[%emt 0:01:57][%cal Be2e5,Be5c5,Bc5c4][%mdl 32] Black is clearly winning.} 29. Rd1 Nf6 30. Bc4 Rxc5 31. Rd8+ Kh7 32. Bc3 {[%emt 0:00:10] [#]} Rxc4 $1 {[%emt 0:00:13] Weighted Error Value: White=0.47/Black=0.06 (flawless) .  Loses game:     	White=1     	---        Mistake:       	White=2     	---        Inaccurate:     	White=4     	Black=1      OK:         	White=12    	Black=6      Best:        	---       	Black=8      Strong:       	---       	Black=1} 0-1

[Event "BL 2024-25"]
[Site "Austria"]
[Date "2024.10.11"]
[Round "3.34"]
[White "Kunin, Vitaly"]
[Black "Froewis, Georg"]
[Result "1-0"]
[Annotator "TA"]
[ECO "D50"]
[WhiteElo "2528"]
[BlackElo "2429"]
[PlyCount "79"]
[EventDate "2024.08.28"]
[EventType "team-tourn"]
[EventCountry "AUT"]
[SourceTitle "playchess.com"]
[Source "ChessBase"]
[SourceQuality "1"]
[WhiteTeam "Feffernitz"]
[BlackTeam "Ottakring"]
[TimeControl "40/5400+30:1800+30"]

1. d4 e6 2. c4 d5 3. Nc3 Nf6 4. Bg5 dxc4 5. e4 {[%emt 0:00:12] [#]} b5 $1 6. Bxf6 (6. Nxb5 $11 Bb4+ 7. Nc3) (6. e5 h6) 6... gxf6 (6... Qxf6 $15 7. Nxb5 Bb4+ 8. Nc3 c5 9. Bxc4 Qxd4 (9... Bxc3+ 10. bxc3 cxd4 11. Qxd4 $14)) 7. Nxb5 $14 Bb4+ 8. Nc3 {[%emt 0:00:10] White is slightly better.} c5 9. dxc5 ({White should play} 9. d5 $14) 9... Qa5 10. Qf3 (10. Nf3 $11) 10... Nd7 $1 $17 {[%emt 0:06:19][%cal Bb8d7,Bd7e5,Be5d3][%mdl 1056] Black has strong compensation.} (10... Qxc5 11. Qxf6 Rg8 12. Nf3 $11) 11. Be2 Bb7 (11... Qxc5 12. Nh3 $15) (11... Nxc5 12. Bxc4 Bb7 13. Nge2 Nxe4 (13... Bxe4 14. Qxf6 Rg8 15. O-O-O $11) 14. O-O $15) 12. Rc1 O-O-O ({Black should try} 12... Rg8 $17 13. Nh3 Nxc5 (13... Ne5 14. Qxf6 Bxc3+ 15. Rxc3 $14)) 13. Nh3 $15 Ne5 (13... Nxc5 14. O-O $14) 14. Qxf6 Nd3+ (14... Qxc5 15. O-O $14) 15. Bxd3 cxd3 16. O-O d2 (16... Bxc5 $2 17. Nb1 (17. Qxf7 Kb8 $16) 17... d2 (17... Bxe4 $2 18. Qe5 $18) 18. Nxd2 (18. Qxf7 $2 dxc1=N 19. Rxc1 Kb8 $19) 18... Qxd2 19. Ng5 $18 (19. Rxc5+ Kb8 $18)) 17. Rcd1 {[%emt 0:01:39] And now Ng5 would win.} Bxc3 (17... Qxc5 18. Rxd2 (18. Qxf7 Qb6 $11) 18... Rxd2 19. Qxh8+ Qf8 20. Qf6 $18 (20. Qxh7 Rxb2 $18)) (17... Ba6 $5 18. Qxf7 Bxf1 19. Qxe6+ Kb8 20. Kxf1 (20. Rxf1 $2 Bxc3 21. Qb3+ Qb4 $19) (20. Qe5+ $2 Ka8 $19) 20... Bxc3 21. bxc3 Qb5+ 22. c4 Qxc5 $14) 18. bxc3 Ba6 19. Qxf7 $1 Bxf1 20. Qxe6+ Kb8 21. Kxf1 {[%emt 0:01:36] Strongly threatening Qb3+.} (21. Rxf1 $2 {too greedy.} d1=Q (21... d1=R $2 22. Qb3+ Kc7 23. Rxd1 $19) 22. g3 Rhe8 $19) 21... Qb5+ 22. c4 $1 Qa4 23. Qg4 Rhe8 24. Qg3+ $1 Ka8 25. Qb3 Qc6 (25... Qxb3 $1 $11 26. axb3 Rxe4) 26. f3 $1 $16 Qxc5 27. Nf2 (27. Nf4 $16) 27... Re6 $11 28. Ke2 Rb6 $132 {[%emt 0:00:55][%mdl 2048] Black is not holding back} 29. Qc3 Rbd6 {[%emt 0:00:06] Inhibits Nd3.} 30. Ng4 Qh5 (30... Ra6 $1 $11 {keeps the balance.} 31. Qb3 Ra3) 31. c5 Rd4 32. Ne3 ({White must play} 32. h3 $1 $16) 32... Rxe4 {[%emt 0:02:02][%cal Od8e8] ...Rde8! would now be deadly.} (32... Qxh2 33. c6 R4d6 34. c7 $14) 33. Rxd2 Rde8 34. Rd3 R4e5 35. c6 {[%emt 0:02:27] c7 is the strong threat.} Qxh2 $2 {[%emt 0:01:56][%mdl 8192] [#]} (35... Rc5 $11 36. Qd4 Rxc6) 36. c7 $1 $18 Qxg2+ {[%emt 0:00:25] [#]} 37. Kd1 $1 Qxf3+ 38. Kc2 $2 (38. Kd2 {mates} Qf2+ 39. Kc1 Qg1+ 40. Kc2 Qf2+ 41. Rd2 Qxd2+ 42. Kxd2 Kb7 43. c8=R Rxc8 44. Qxe5) 38... Rc8 $2 ({Weaker is} 38... Rxe3 39. c8=Q+ Rxc8 40. Qxc8#) (38... Kb7 $18) 39. Qxe5 Qe2+ 40. Rd2 {[%emt 0:01:17] Weighted Error Value: White=0.34/Black=0.32.  Loses game:     	---       	Black=1      Mistake:       	White=4     	Black=4      Inaccurate:     	---       	Black=2      OK:         	White=10    	Black=13     Best:        	White=5     	Black=5      Strong:       	White=5     	Black=1} 1-0

[Event "BL 2024-25"]
[Site "Austria"]
[Date "2024.10.11"]
[Round "3.35"]
[White "Balint, Peter"]
[Black "Pajeken, Jakob Leon"]
[Result "1-0"]
[Annotator "TA"]
[ECO "C65"]
[WhiteElo "2375"]
[BlackElo "2423"]
[PlyCount "91"]
[EventDate "2024.08.28"]
[EventType "team-tourn"]
[EventCountry "AUT"]
[SourceTitle "playchess.com"]
[Source "ChessBase"]
[SourceQuality "1"]
[WhiteTeam "Ottakring"]
[BlackTeam "Feffernitz"]
[TimeControl "40/5400+30:1800+30"]

1. e4 e5 2. Nf3 Nc6 3. Bb5 Nf6 4. d3 Bc5 5. c3 O-O 6. O-O d6 7. h3 a6 8. Ba4 h6 9. Re1 Ba7 {[%emt 0:01:01] The position is equal.} 10. Nbd2 Ne7 11. Nf1 Ng6 12. Ng3 d5 13. Qe2 (13. exd5 $14 Nxd5 14. Bb3 (14. Nxe5 Nxe5 15. Rxe5 Bxf2+ 16. Kxf2 Qf6+ 17. Qf3 Qxe5 $17)) 13... Be6 (13... c6 $11) 14. Be3 c5 15. Bc2 d4 16. cxd4 cxd4 17. Bd2 Rc8 18. Rec1 Qd7 19. a4 Rc7 20. a5 Rfc8 21. Qd1 Qd6 22. Bb3 Rxc1 23. Rxc1 Rxc1 24. Bxc1 Qb4 25. Bxe6 fxe6 26. Qc2 {[%emt 0:01:34] Dodges Bc5} Bc5 27. Bd2 Qb5 28. h4 Ng4 (28... Bd6 {simplifies} 29. b4 Kf7 30. Qc4 Qxc4 31. dxc4 Ke7) 29. b4 $36 {[%emt 0:03:06][%mdl 2048] White is more active.} Bxb4 {[%emt 0:03:26][%mdl 8192] Black is on the road to losing.} (29... Be7 $11 {and Black stays safe.}) 30. Qb3 $1 $18 Bxd2 ({Much worse is} 30... Bxa5 31. Qxe6+ Kh7 32. Bxa5 $18 (32. Qxg4 Bxd2 33. Qf5 Kg8 $18)) (30... Kf7 {keeps fighting.}) 31. Qxe6+ Kh7 32. Qxg4 Bf4 33. Qf5 Qb1+ 34. Nf1 {[%emt 0:00:53] [#] Black must now prevent h5.} Kh8 35. Qxg6 Qxd3 36. h5 Qb5 37. Qf7 {[%emt 0:00:28] White threatens Nh4 and mate.} Qxa5 38. g3 Bg5 39. Qe8+ Kh7 40. Nxe5 {[%emt 0:00:04] [#] White wants to mate with Nf7.} Bf6 41. Nd7 {[%emt 0:31:54] White mates.} Qd8 42. Nxf6+ Qxf6 43. e5 Qc6 44. Qf7 d3 45. e6 d2 46. Nxd2 {[%emt 0:00:04] Weighted Error Value: White=0.08 (flawless) /Black=0.61.  Loses game:     	---       	Black=1      Mistake:       	White=1     	Black=2      Inaccurate:     	White=3     	Black=5      OK:         	White=11    	Black=6      Best:        	White=4     	---} 1-0

[Event "BL 2024-25"]
[Site "Austria"]
[Date "2024.10.11"]
[Round "3.36"]
[White "Brunello, Sabino"]
[Black "Huber, Benedikt"]
[Result "1-0"]
[Annotator "TA"]
[ECO "D36"]
[WhiteElo "2514"]
[BlackElo "2299"]
[PlyCount "91"]
[EventDate "2024.08.28"]
[EventType "team-tourn"]
[EventCountry "AUT"]
[SourceTitle "playchess.com"]
[Source "ChessBase"]
[SourceQuality "1"]
[WhiteTeam "Feffernitz"]
[BlackTeam "Ottakring"]
[TimeControl "40/5400+30:1800+30"]

1. c4 e6 2. Nc3 d5 3. d4 Nf6 4. cxd5 exd5 5. Bg5 c6 6. e3 h6 7. Bh4 Be7 8. Bd3 O-O 9. Qc2 Ne8 10. Bg3 Nd6 11. Nge2 Re8 {[%emt 0:09:17] White is slightly better.} 12. O-O a5 13. Rae1 Na6 14. a3 {[%emt 0:00:05] Wards off Nb4} b5 15. h3 Bf8 16. Bf4 Qb6 17. Ng3 Nc4 18. Nh5 Be6 19. Bxc4 bxc4 20. Be5 Qb7 {[%emt 0:06:56] [#]} (20... Qd8 $14) 21. Ne2 {[%emt 0:03:35] White is more active. A dynamic duo of knights.} (21. f4 $1 $16) 21... f6 $36 {[%emt 0:01:38][%mdl 2048] Black has good play.} 22. Bh2 (22. Qg6 $1 $11 Kh8 23. Nxf6 gxf6 24. Bxf6+ (24. Qxf6+ Bg7 $11) 24... Bg7 25. f4 (25. Qxh6+ Kg8 $11)) 22... Bf7 23. Nef4 Bd6 24. Re2 ({White should try} 24. Qf5) 24... Nc7 (24... Bxf4 $142 25. Nxf4 g5) 25. Ng6 Bxh2+ 26. Kxh2 Ne6 {[%emt 0:00:27][%cal Oe6d4] Hoping for ...Nxd4!} 27. Ng3 Rab8 28. Nh4 c5 29. Nhf5 Qb3 30. Qd2 a4 ({Better is} 30... Qb6 $17) 31. Rd1 cxd4 (31... Rbd8 {is interesting.} 32. dxc5 Nxc5 33. e4 Kh7) 32. Nxd4 Nxd4 33. Qxd4 c3 34. Rd3 Rec8 35. bxc3 Qxa3 36. e4 dxe4 37. Nxe4 Rc7 $2 {[%emt 0:01:45][%mdl 8192] [#] A mistake that costs the game.} ({But not} 37... Bc4 $6 38. Nxf6+ Kh8 (38... gxf6 39. Rg3+ Kh7 40. Qd7+) 39. Rdd2 $16) (37... Qe7 $11 38. Rg3 (38. Qxa4 Bc4 $11) 38... Kf8) 38. Nxf6+ $1 $18 gxf6 (38... Kh8 39. Qd8+) 39. Rg3+ Kh7 {[%emt 0:00:28] [#]} 40. Qe4+ $1 Kh8 41. Qf4 $1 Qf8 42. Qxf6+ Kh7 43. Qf5+ Bg6 44. Qxg6+ Kh8 45. Re6 Rh7 46. Qe4 {[%emt 0:00:00] Weighted Error Value: White=0.16 (very precise) /Black=0.48.  Loses game:     	---       	Black=1      Mistake:       	White=3     	Black=3      Inaccurate:     	White=2     	Black=2      OK:         	White=9     	Black=6      Brilliant:      	White=1     	---} 1-0